Map: Cerulean Fall LE

Players

Namshar

  • Race: Zerg Zerg
  • League: Grandmaster
  • Spawn Location: 1:00

Lambo - Winner!

  • Race: Zerg Zerg
  • League: Grandmaster
  • Spawn Location: 7:00

VOD

Have the link to the VOD?

Description

Time

  • Played on: Jan. 10, 2019, 12:08 p.m.
  • Length: 12:27
Show
View Real Time Build Order
Export as new Build Order

Namshar Zerg 

Build Orders: Hatch First, Lurkers 

Get SALT Encoding   

  12  0:00  Drone  
  13  0:11  Overlord  
  13  0:17  Drone  
  14  0:30  Drone x2  
  16  0:47  Hatchery  
  15  0:51  Drone  
  15  0:55  Drone  
  17  0:57  Drone  
  18  1:09  Extractor  
  17  1:14  Spawning Pool  
  17  1:16  Drone  
  17  1:20  Drone  
  18  1:27  Drone  
  19  1:38  Drone  
  20  1:48  Drone  
  21  2:00  Queen x2  
  26  2:01  Overlord, Drone  
  26  2:09  Metabolic Boost  
  26  2:10  Drone  
  26  2:12  Drone  
  28  2:21  Drone  
  28  2:22  Drone  
  30  2:32  Drone x2  
  32  2:39  Hatchery  
  32  2:43  Drone  
  32  2:44  Overlord  
  32  2:53  Drone x2  
  34  2:59  Evolution Chamber  
  34  3:04  Drone  
  34  3:06  Overlord  
  34  3:10  Drone x5  
  39  3:13  Drone  
  39  3:17  Drone x2  
  42  3:25  Zerg Missile Weapons Level 1  
  42  3:29  Extractor  
  42  3:31  Drone x2  
  42  3:32  Roach Warren  
  42  3:34  Extractor  
  41  3:42  Drone x6  
  41  3:44  Drone  
  48  3:49  Lair  
  48  3:55  Overlord  
  48  4:03  Overlord  
  48  4:04  Overlord  
  48  4:11  Roach  
  48  4:12  Roach x3  
  48  4:16  Roach x2  
  60  4:17  Roach  
  60  4:22  Roach  
  64  4:25  Drone x4  
  68  4:33  Queen  
  68  4:36  Overlord  
  68  4:38  Drone x2  
  72  4:41  Overlord  
  72  4:46  Evolution Chamber, Drone  
  72  4:47  Glial Reconstitution  
  72  4:50  Drone x2  
  72  4:51  Roach  
  76  4:54  Roach  
  76  4:57  Roach  
  80  5:00  Overseer  
  80  5:01  Overlord  
  80  5:05  Roach  
  80  5:06  Roach  
  84  5:07  Extractor  
  83  5:19  Drone  
  83  5:20  Hydralisk Den, Drone x3  
  86  5:21  Zerg Missile Weapons Level 2  
  86  5:24  Drone  
  86  5:25  Drone x6  
  93  5:30  Overlord  
  93  5:32  Queen  
  95  5:39  Spore Crawler x2  
  95  5:42  Spore Crawler  
  92  5:47  Overlord x2  
  92  5:50  Queen, Spore Crawler  
  92  5:53  Drone x3  
  92  5:54  Extractor  
  95  6:03  Queen  
  95  6:04  Hydralisk  
  95  6:07  Queen  
  97  6:12  Drone  
  97  6:13  Muscular Augments, Drone  
  97  6:16  Hydralisk x3  
  103  6:22  Overlord, Drone x2  
  105  6:29  Overlord  
  105  6:30  Overlord  
  104  6:42  Hydralisk  
  104  6:43  Hydralisk x4  
  114  6:48  Queen x2  
  114  6:50  Overlord  
  116  6:56  Hydralisk x5  
  126  7:04  Lurker Den  
  125  7:10  Hydralisk  
  125  7:11  Hydralisk x3  
  125  7:15  Overlord x2  
  127  7:26  Hydralisk x3  
  133  7:31  Drone x2  
  133  7:32  Spawning Pool  
  133  7:35  Drone  
  135  7:38  Hydralisk  
  135  7:39  Roach x3  
  135  7:42  Hydralisk  
  135  7:43  Hydralisk  
  141  7:55  Hydralisk x3  
  145  8:01  Hatchery  
  144  8:07  Hydralisk x3  
  144  8:10  Overlord  
  144  8:11  Overlord  
  150  8:14  Infestation Pit  
  150  8:16  Drone x3  
  150  8:17  Extractor  
  150  8:18  Drone  
  146  8:30  Hydralisk  
  146  8:31  Roach x6  
  146  8:33  Lurker  
  161  8:38  Lurker  
  162  8:45  Spore Crawler x2  
  158  8:48  Hydralisk  
  158  8:49  Roach x4, Spore Crawler  
  158  8:50  Spore Crawler  
  163  9:04  Spore Crawler  
  163  9:05  Spore Crawler  
  161  9:13  Overlord x3  
  161  9:17  Hydralisk x3  
  161  9:21  Hive  
  167  9:25  Zerg Ground Armor Level 1  
  167  9:42  Hydralisk x3  
  167  9:45  Roach x4  
  177  10:00  Roach  
  177  10:01  Roach x3  
  183  10:11  Overlord x3, Lurker x3  
  168  10:17  Drone x2  
  162  10:24  Lurker x2  
  162  10:25  Hatchery  
  159  10:30  Drone x3  
  159  10:31  Spore Crawler, Drone  
  159  10:32  Lurker  
  155  10:37  Spore Crawler  
  155  10:38  Drone x2  
  156  10:49  Hydralisk x2  
  156  10:50  Hydralisk x2  
  156  10:51  Roach x3  
  159  11:06  Viper  
  153  11:16  Drone x2  
  153  11:18  Drone x4  
  158  11:22  Viper  
  162  11:30  Viper  
  165  11:33  Hatchery  
  164  11:46  Hydralisk x2  
  152  11:47  Hydralisk x2  
  152  11:51  Roach x5  
Show
View Real Time Build Order
Export as new Build Order

Lambo Zerg - Winner!

Build Orders: Hatch First, Muta Ling Bane 

Get SALT Encoding   

  12  0:00  Drone  
  13  0:13  Overlord  
  13  0:17  Drone  
  14  0:32  Drone x2  
  16  0:49  Hatchery  
  15  0:51  Drone  
  15  0:55  Drone  
  17  0:59  Drone  
  18  1:09  Extractor  
  17  1:14  Spawning Pool  
  17  1:17  Drone  
  17  1:21  Drone  
  18  1:28  Drone  
  19  1:39  Drone  
  20  1:51  Overlord  
  20  2:02  Queen x2  
  20  2:04  Drone  
  20  2:05  Drone  
  26  2:12  Drone x2  
  28  2:23  Drone x2  
  30  2:33  Drone x2  
  32  2:37  Extractor  
  32  2:38  Queen  
  32  2:42  Lair  
  33  2:45  Overlord  
  33  2:46  Drone  
  33  2:47  Metabolic Boost  
  34  2:54  Evolution Chamber  
  34  2:55  Drone  
  35  2:58  Drone  
  35  3:07  Drone x2  
  38  3:12  Drone  
  38  3:16  Drone x2  
  40  3:20  Overlord, Drone x2  
  40  3:25  Drone  
  40  3:26  Drone  
  44  3:32  Extractor, Evolution Chamber  
  44  3:33  Drone  
  44  3:34  Extractor  
  42  3:37  Drone  
  42  3:40  Spire  
  42  3:42  Drone  
  42  3:44  Drone  
  42  3:45  Drone  
  42  3:47  Drone  
  46  3:52  Zerg Melee Weapons Level 1  
  46  3:53  Drone  
  47  3:56  Drone x2  
  49  4:03  Overlord  
  49  4:04  Drone  
  50  4:12  Drone  
  51  4:18  Hatchery  
  51  4:20  Zergling x4  
  51  4:22  Zergling x2  
  53  4:25  Zergling x2  
  53  4:26  Zergling x2  
  53  4:27  Zergling x2  
  53  4:30  Overlord  
  56  4:34  Zergling x4  
  58  4:42  Overlord  
  58  4:58  Mutalisk  
  58  4:59  Mutalisk x4  
  68  5:02  Zerg Flyer Weapons Level 1, Overlord  
  68  5:05  Mutalisk  
  70  5:10  Overlord, Mutalisk  
  72  5:15  Queen  
  72  5:20  Mutalisk  
  76  5:25  Drone x4  
  81  5:28  Drone  
  81  5:29  Drone  
  82  5:36  Extractor  
  82  5:38  Mutalisk x2  
  82  5:40  Overseer  
  82  5:41  Extractor  
  82  5:42  Drone x2  
  86  5:49  Mutalisk  
  84  5:51  Drone x3  
  84  5:54  Overlord  
  89  6:03  Mutalisk  
  89  6:07  Zergling x2  
  89  6:08  Zergling x10  
  97  6:16  Mutalisk  
  97  6:17  Drone x4  
  103  6:21  Overlord  
  103  6:23  Mutalisk  
  105  6:31  Overlord  
  103  6:36  Baneling Nest  
  103  6:39  Mutalisk x2  
  106  6:45  Hatchery  
  106  6:46  Mutalisk  
  107  6:52  Mutalisk  
  109  6:58  Drone x3  
  109  6:59  Overlord, Drone x3  
  115  7:05  Mutalisk  
  115  7:06  Mutalisk  
  119  7:11  Overlord  
  119  7:12  Mutalisk  
  119  7:15  Overlord  
  121  7:20  Overlord  
  121  7:21  Mutalisk x2  
  123  7:25  Zergling x10  
  123  7:28  Overlord  
  128  7:31  Centrifical Hooks  
  128  7:36  Extractor  
  125  7:38  Mutalisk  
  125  7:40  Zergling x8  
  125  7:41  Extractor  
  122  7:46  Mutalisk  
  122  7:49  Drone x3  
  127  7:52  Zerg Melee Weapons Level 2  
  127  7:54  Zergling x6  
  129  7:58  Zergling x6  
  129  8:03  Drone x2  
  131  8:14  Zergling x16  
  131  8:19  Baneling x11  
  139  8:27  Mutalisk x3  
  139  8:32  Overlord  
  145  8:35  Zergling x6  
  145  8:37  Baneling x2  
  147  8:59  Zergling x26  
  156  9:05  Baneling  
  156  9:06  Baneling x11  
  156  9:07  Baneling x8  
  156  9:09  Mutalisk  
  156  9:16  Pneumatized Carapace, Overseer  
  157  9:21  Mutalisk x2  
  157  9:24  Drone  
  158  9:33  Zergling x2  
  158  9:34  Overlord  
  158  9:37  Overlord  
  155  9:43  Zergling x10  
  159  9:53  Drone x4  
  159  9:57  Mutalisk x7  
  168  10:08  Mutalisk x3  
  163  10:16  Mutalisk  
  158  10:32  Drone x8  
  165  10:41  Mutalisk x2  
  169  10:43  Baneling  
  169  10:44  Baneling x3  
  169  10:49  Drone x3  
  172  10:55  Zergling x2  
  172  10:56  Zergling x4  
  166  11:09  Mutalisk x5  
  174  11:13  Zergling x2  
  174  11:17  Baneling x3  
  174  11:18  Baneling x6  
  175  11:20  Overlord  
  175  11:22  Baneling x4  
  175  11:23  Overlord  
  175  11:27  Overlord  
  175  11:33  Overseer x2  
  175  11:34  Overlord  
  175  11:45  Zergling x24  
  181  11:57  Zergling x2  
  167  12:02  Mutalisk  
  167  12:03  Mutalisk x6  
  167  12:08  Baneling x6  
Tags
 
Add a new tag
Caveats
  • Supply blocks, unpowered buildings, or Contaminate may cause inaccurate times.
  • Supply counts are checked every 10 seconds.